[ AOE2 MATCH · #506433703 ]
UnrankedPersians vs Tatars
Player's team · LOSS
Rival team · WIN
[ REPLAY ANALYSIS · EXTRACTED FROM THE RECORDED GAME ]
Feudal
8:52
Castle
19:01
Imperial
39:05
| APM avg | 53.0 |
| APM peak | 104 |
| eAPM avg | 28.4 |
| Villagers / military | 169 / 93 |
Focus
⚔️ 34.8% · 🌾 65.2%
Knight ×44 · Skirmisher ×35 · Mangonel ×4 · Militia ×2 · Scorpion ×2 · War Elephant ×2
Feudal
13:30
Castle
17:02
Imperial
36:33
| APM avg | 68.4 |
| APM peak | 102 |
| eAPM avg | 39.0 |
| Villagers / military | 319 / 124 |
Focus
⚔️ 34.6% · 🌾 65.4%
Cavalry Archer ×64 · Archer ×46 · Mangonel ×7 · Monk ×3 · Militia ×3 · Trebuchet (Packed) ×1
Match map
Initial resources + every placement click. Lines = walls · curves = elevation contours. ◆ gold · ⬟ stone · ● berries · ✦ relic · ◌ wall gap
Your base· ✓ Closed at 19:01 · 45t walls · no gate
LE | WilliamS's base· ✓ Closed at 17:02 · 35t walls · no gate
Smoothed initial terrain · ◌ = detected wall gap · hover for details
Inputs per minute
— boanaan - - LE | WilliamS
Build order — boanaan
First 150 of 428 actions detected
| 0:01 | Create | Villager (Male) |
| 0:02 | Build | House |
| 0:04 | Build | House |
| 0:06 | Create | Villager (Male) |
| 0:16 | Create | Villager (Male) |
| 0:16 | Create | Villager (Male) |
| 0:28 | Create | Villager (Male) |
| 1:26 | Create | Villager (Male) |
| 2:01 | Create | Villager (Male) |
| 2:15 | Build | Lumber Camp |
| 2:17 | Create | Villager (Male) |
| 2:43 | Create | Villager (Male) |
| 3:09 | Create | Villager (Male) |
| 3:32 | Create | Villager (Male) |
| 3:48 | Create | Villager (Male) |
| 3:54 | Build | House |
| 4:11 | Build | Mill |
| 4:18 | Create | Villager (Male) |
| 4:18 | Create | Villager (Male) |
| 4:39 | Create | Villager (Male) |
| 5:33 | Build | House |
| 5:37 | Create | Villager (Male) |
| 5:58 | Research | Loom |
| 6:40 | Research | Feudal Age |
| 6:42 | Build | Lumber Camp |
| 7:36 | Build | Barracks |
| 7:42 | Build | House |
| 7:54 | Create | Villager (Male) |
| 8:27 | Create | Villager (Male) |
| 8:39 | Create | Militia |
| 8:39 | Create | Militia |
| 8:52 | Age | Feudal Age |
| 8:56 | Build | Stable |
| 8:58 | Research | Double-Bit Axe |
| 9:02 | Build | Palisade Wall |
| 9:03 | Build | Palisade Wall |
| 9:05 | Build | Palisade Wall |
| 9:13 | Create | Villager (Male) |
| 9:29 | Create | Villager (Male) |
| 9:44 | Create | Villager (Male) |
| 9:49 | Build | Mill |
| 10:08 | Create | Villager (Male) |
| 10:12 | Build | House |
| 10:19 | Create | Scout Cavalry |
| 10:49 | Build | Farm |
| 10:50 | Build | Farm |
| 10:53 | Build | Farm |
| 11:11 | Create | Villager (Male) |
| 11:11 | Create | Villager (Male) |
| 11:12 | Build | Farm |
| 11:15 | Build | Farm |
| 11:18 | Build | Farm |
| 11:21 | Build | Farm |
| 11:31 | Build | House |
| 11:33 | Build | Palisade Wall |
| 11:37 | Create | Villager (Male) |
| 11:39 | Build | Farm |
| 11:44 | Build | House |
| 11:47 | Build | Palisade Wall |
| 11:58 | Create | Villager (Male) |
| 11:58 | Create | Villager (Male) |
| 12:01 | Build | Farm |
| 12:15 | Create | Villager (Male) |
| 12:24 | Build | Farm |
| 12:34 | Build | Farm |
| 12:36 | Research | Horse Collar |
| 12:45 | Create | Villager (Male) |
| 12:50 | Build | Farm |
| 12:53 | Build | Farm |
| 12:57 | Build | House |
| 13:00 | Build | Palisade Wall |
| 13:04 | Build | Palisade Wall |
| 13:07 | Create | Villager (Male) |
| 13:12 | Build | House |
| 13:14 | Build | Palisade Wall |
| 13:20 | Build | Farm |
| 13:29 | Create | Villager (Male) |
| 13:38 | Build | Mining Camp |
| 13:47 | Create | Villager (Male) |
| 13:53 | Build | Farm |
| 14:10 | Create | Villager (Male) |
| 14:32 | Create | Villager (Male) |
| 14:46 | Build | Blacksmith |
| 14:51 | Create | Villager (Male) |
| 15:05 | Build | Farm |
| 15:26 | Build | Farm |
| 15:26 | Create | Villager (Male) |
| 15:44 | Create | Villager (Male) |
| 16:10 | Create | Villager (Male) |
| 16:20 | Build | Archery Range |
| 16:36 | Research | Castle Age |
| 16:49 | Build | Archery Range |
| 17:01 | Research | Gold Mining |
| 17:15 | Create | Skirmisher |
| 17:31 | Create | Skirmisher |
| 17:36 | Research | Fletching |
| 17:40 | Create | Villager (Male) |
| 17:47 | Create | Skirmisher |
| 18:00 | Create | Skirmisher |
| 18:02 | Create | Skirmisher |
| 18:06 | Research | Padded Archer Armor |
| 18:16 | Build | Market |
| 18:21 | Create | Skirmisher |
| 18:21 | Create | Skirmisher |
| 18:49 | Build | House |
| 18:51 | Build | House |
| 18:53 | Build | House |
| 19:00 | Create | Skirmisher |
| 19:01 | Age | Castle Age |
| 19:02 | Research | Elite Skirmisher (upgrade) |
| 19:18 | Create | Villager (Male) |
| 19:31 | Research | Scale Barding Armor |
| 19:33 | Research | Leather Archer Armor |
| 19:34 | Create | Skirmisher |
| 19:35 | Create | Skirmisher |
| 19:35 | Create | Villager (Male) |
| 19:45 | Create | Villager (Male) |
| 19:48 | Create | Skirmisher |
| 20:00 | Build | Town Center |
| 20:03 | Create | Villager (Male) |
| 20:11 | Build | Palisade Wall |
| 20:18 | Create | Skirmisher |
| 20:19 | Create | Skirmisher |
| 20:23 | Create | Villager (Male) |
| 20:27 | Create | Villager (Male) |
| 20:36 | Build | House |
| 20:42 | Create | Villager (Male) |
| 20:44 | Build | House |
| 20:45 | Build | House |
| 20:47 | Build | House |
| 20:59 | Research | Wheelbarrow |
| 21:21 | Research | Bow Saw |
| 21:35 | Create | Skirmisher |
| 21:35 | Create | Skirmisher |
| 21:40 | Create | Villager (Male) |
| 21:44 | Build | Farm |
| 21:44 | Build | Farm |
| 21:44 | Build | Farm |
| 21:44 | Build | Farm |
| 21:49 | Build | Farm |
| 21:53 | Create | Skirmisher |
| 21:53 | Create | Skirmisher |
| 21:56 | Create | Villager (Male) |
| 21:57 | Create | Villager (Male) |
| 22:21 | Create | Villager (Male) |
| 22:21 | Create | Villager (Male) |
| 22:22 | Create | Skirmisher |
| 22:28 | Build | Farm |
| 22:28 | Build | Farm |
| 22:28 | Build | Farm |
Build order — LE | WilliamS
First 150 of 610 actions detected
| 0:00 | Create | Villager (Male) |
| 0:01 | Create | Villager (Male) |
| 0:02 | Build | House |
| 0:02 | Build | House |
| 0:11 | Create | Villager (Male) |
| 0:11 | Create | Villager (Male) |
| 0:12 | Create | Villager (Male) |
| 1:25 | Create | Villager (Male) |
| 1:47 | Create | Villager (Male) |
| 1:48 | Create | Villager (Male) |
| 1:56 | Build | Lumber Camp |
| 1:59 | Create | Villager (Male) |
| 2:29 | Create | Villager (Male) |
| 2:29 | Create | Villager (Male) |
| 3:00 | Create | Villager (Male) |
| 3:00 | Create | Villager (Male) |
| 3:34 | Create | Villager (Male) |
| 3:58 | Build | House |
| 4:08 | Create | Villager (Male) |
| 4:08 | Create | Villager (Male) |
| 4:20 | Create | Villager (Male) |
| 4:21 | Create | Villager (Male) |
| 4:31 | Build | Barracks |
| 4:49 | Build | House |
| 4:55 | Create | Villager (Male) |
| 4:55 | Create | Villager (Male) |
| 4:57 | Create | Villager (Male) |
| 5:16 | Create | Villager (Male) |
| 5:16 | Create | Villager (Male) |
| 5:28 | Create | Militia |
| 5:36 | Build | Palisade Wall |
| 5:42 | Create | Militia |
| 5:55 | Create | Villager (Male) |
| 5:56 | Create | Villager (Male) |
| 6:04 | Build | Palisade Wall |
| 6:11 | Create | Villager (Male) |
| 6:29 | Create | Militia |
| 6:32 | Build | Mill |
| 6:38 | Build | House |
| 6:43 | Create | Villager (Male) |
| 6:44 | Create | Villager (Male) |
| 7:00 | Create | Villager (Male) |
| 7:08 | Build | Palisade Wall |
| 7:13 | Create | Villager (Male) |
| 7:26 | Create | Villager (Male) |
| 7:40 | Create | Villager (Male) |
| 7:45 | Build | Mining Camp |
| 7:57 | Create | Villager (Male) |
| 8:06 | Create | Villager (Male) |
| 8:22 | Create | Villager (Male) |
| 8:43 | Create | Villager (Male) |
| 8:45 | Build | House |
| 8:47 | Build | Palisade Wall |
| 9:05 | Build | Palisade Wall |
| 9:34 | Create | Villager (Male) |
| 9:44 | Create | Villager (Male) |
| 9:47 | Create | Villager (Male) |
| 9:48 | Build | Farm |
| 9:50 | Build | Farm |
| 10:00 | Create | Villager (Male) |
| 10:08 | Build | House |
| 10:24 | Create | Villager (Male) |
| 10:39 | Create | Villager (Male) |
| 10:53 | Research | Loom |
| 11:19 | Research | Feudal Age |
| 11:19 | Research | Feudal Age |
| 11:24 | Build | Palisade Gate |
| 11:25 | Build | Palisade Wall |
| 11:28 | Build | Palisade Wall |
| 11:33 | Build | Farm |
| 11:38 | Build | Farm |
| 12:06 | Build | Farm |
| 12:15 | Create | Villager (Male) |
| 12:25 | Create | Villager (Male) |
| 12:33 | Build | Farm |
| 13:30 | Age | Feudal Age |
| 13:34 | Build | Blacksmith |
| 13:37 | Build | Archery Range |
| 13:40 | Research | Double-Bit Axe |
| 14:22 | Research | Castle Age |
| 14:22 | Research | Castle Age |
| 14:26 | Build | Archery Range |
| 14:30 | Build | Archery Range |
| 14:38 | Create | Archer |
| 14:39 | Create | Archer |
| 14:39 | Create | Archer |
| 15:18 | Create | Archer |
| 15:18 | Create | Archer |
| 15:20 | Build | Farm |
| 15:24 | Build | House |
| 15:31 | Create | Archer |
| 15:31 | Create | Archer |
| 15:44 | Research | Fletching |
| 16:00 | Create | Archer |
| 16:19 | Build | House |
| 16:20 | Build | House |
| 16:21 | Build | Palisade Wall |
| 16:24 | Create | Archer |
| 16:24 | Create | Archer |
| 16:32 | Create | Villager (Male) |
| 16:37 | Create | Archer |
| 16:43 | Create | Archer |
| 16:56 | Create | Archer |
| 17:02 | Age | Castle Age |
| 17:22 | Create | Villager (Male) |
| 17:27 | Research | Crossbowman (upgrade) |
| 17:27 | Research | Crossbowman (upgrade) |
| 17:31 | Create | Villager (Male) |
| 17:34 | Build | Town Center |
| 17:43 | Create | Villager (Male) |
| 17:50 | Research | Padded Archer Armor |
| 17:53 | Research | Bodkin Arrow |
| 17:59 | Create | Villager (Male) |
| 18:11 | Create | Villager (Male) |
| 18:15 | Create | Villager (Male) |
| 18:18 | Create | Villager (Male) |
| 18:25 | Create | Villager (Male) |
| 18:31 | Create | Villager (Male) |
| 18:39 | Create | Villager (Male) |
| 18:42 | Create | Archer |
| 18:42 | Create | Archer |
| 18:48 | Create | Villager (Male) |
| 18:52 | Research | Horse Collar |
| 18:53 | Create | Villager (Male) |
| 18:54 | Build | House |
| 19:08 | Create | Villager (Male) |
| 19:14 | Create | Villager (Male) |
| 19:24 | Create | Villager (Male) |
| 19:24 | Create | Villager (Male) |
| 19:37 | Create | Villager (Male) |
| 19:48 | Build | Siege Workshop |
| 19:59 | Create | Villager (Male) |
| 20:04 | Create | Villager (Male) |
| 20:04 | Create | Villager (Male) |
| 20:19 | Create | Villager (Male) |
| 20:19 | Create | Villager (Male) |
| 20:36 | Create | Mangonel |
| 20:36 | Create | Villager (Male) |
| 20:37 | Create | Villager (Male) |
| 20:52 | Create | Villager (Male) |
| 21:03 | Create | Villager (Male) |
| 21:03 | Create | Villager (Male) |
| 21:06 | Create | Mangonel |
| 21:08 | Create | Archer |
| 21:08 | Create | Archer |
| 21:18 | Build | Palisade Wall |
| 21:28 | Create | Villager (Male) |
| 21:28 | Create | Villager (Male) |
| 21:42 | Create | Villager (Male) |
| 21:42 | Create | Villager (Male) |
Match timeline
| 4:31 | LE | WilliamS · first_building Barracks |
| 5:36 | LE | WilliamS · wall_segment Palisade Wall x4 |
| 6:04 | LE | WilliamS · wall_segment Palisade Wall x6 |
| 7:08 | LE | WilliamS · wall_segment Palisade Wall x7 |
| 7:36 | boanaan · first_building Barracks |
| 8:47 | LE | WilliamS · wall_segment Palisade Wall x5 |
| 8:52 | boanaan · age_up feudal |
| 8:56 | boanaan · first_building Stable |
| 9:02 | boanaan · wall_segment Palisade Wall x1 |
| 9:03 | boanaan · wall_segment Palisade Wall x1 |
| 9:05 | boanaan · wall_segment Palisade Wall x1 |
| 9:05 | LE | WilliamS · wall_segment Palisade Wall x6 |
| 11:25 | LE | WilliamS · wall_segment Palisade Wall x2 |
| 11:28 | LE | WilliamS · wall_segment Palisade Wall x6 |
| 11:33 | boanaan · wall_segment Palisade Wall x7 |
| 11:47 | boanaan · wall_segment Palisade Wall x6 |
| 13:00 | boanaan · wall_segment Palisade Wall x5 |
| 13:04 | boanaan · wall_segment Palisade Wall x11 |
| 13:14 | boanaan · wall_segment Palisade Wall x13 |
| 13:30 | LE | WilliamS · age_up feudal |
| 13:37 | LE | WilliamS · first_building Archery Range |
| 16:20 | boanaan · first_building Archery Range |
| 16:21 | LE | WilliamS · wall_segment Palisade Wall x1 |
| 17:02 | LE | WilliamS · age_up castle |
| 19:01 | boanaan · age_up castle |
| 19:20 | boanaan · first_market_sell 100 food |
| 19:48 | LE | WilliamS · first_building Siege Workshop |
| 20:11 | boanaan · wall_segment Palisade Wall x1 |
| 21:18 | LE | WilliamS · wall_segment Palisade Wall x1 |
| 22:41 | boanaan · first_market_buy 100 food |
| 23:40 | LE | WilliamS · first_building Monastery |
| 24:09 | boanaan · first_building Siege Workshop |
| 28:31 | boanaan · first_building Castle |
| 30:17 | LE | WilliamS · first_market_sell 100 wood |
| 31:31 | LE | WilliamS · first_building Stable |
| 33:58 | LE | WilliamS · first_market_buy 100 stone |
| 34:27 | LE | WilliamS · first_building Castle |
| 36:33 | LE | WilliamS · age_up imperial |
| 38:50 | LE | WilliamS · wall_segment Stone Wall x1 |
| 39:05 | boanaan · age_up imperial |
| 43:17 | boanaan · resign |
[ AI ANALYSIS · 1 CREDIT ]
What really happened in this match?
Wolo.gg analyzes every decision: build order, eco, micro, common mistakes by bracket. Personalized analysis on WhatsApp or Discord in 30 seconds.
Civ guide
Persians
Perfil
Jugador #23000509